 Seeded DCSS version 0.29.1-2-gbd0b4ee654 (webtiles) character file.

Game seed: 1 (custom seed)

42715 Kazon the Carver (level 13, -8/106 HPs)
             Began as a Mummy Fighter on Oct 27, 2022.
             Was a High Priest of Makhleb.
             Mangled by a death yak (22 damage)
             ... on level 5 of the Lair of Beasts.
             The game lasted 01:41:22 (15831 turns).

Kazon the Carver (Mummy Fighter)                   Turns: 15831, Time: 01:41:22

Health: -8/106     AC:  9    Str: 23    XL:     13   Next: 86%
Magic:  19/19      EV: 13    Int:  7    God:    Makhleb [*****.]
Gold:   167        SH:  6    Dex: 19    Spells: 12/13 levels left

rFire   + + +      SeeInvis .   a - +2 Maxwell's thermic engine {flame, freeze}
rCold   + + +      Faith    .   c - +0 buckler
rNeg    + + +      Spirit   .   D - +0 troll leather armour
rPois   ∞          Reflect  .   f - +0 helmet
rElec   .          Harm     .   G - scarf {rC+ rF+}
rCorr   .          Rampage  .   (no gloves)
Will    +....                   g - +2 pair of boots
Stlth   +++.......              K - amulet "Odemouw" {Contam rPois rF+++ Regen+ Stlth+}
HPRegen 1.87/turn               u - ring of protection from cold
MPRegen 0.16/turn               d - +6 ring of dexterity

@: no status effects
A: cold resistance 1, negative energy resistance 3, torment resistance 2, heat
vulnerability 1, in touch with death 2, no potions
a: Renounce Religion, Minor Destruction, Lesser Servant of Makhleb, Major
Destruction, Greater Servant of Makhleb


You were on level 5 of the Lair of Beasts.
You worshipped Makhleb.
Makhleb was extremely pleased with you.
You visited 3 branches of the dungeon, and saw 17 of its levels.

You collected 1085 gold pieces.
You spent 918 gold pieces at shops.

Inventory:

Hand Weapons
 a - the +2 Maxwell's thermic engine (weapon) {flame, freeze}
   (You found it on level 1 of the Lair of Beasts)

   It burns those it strikes, dealing additional fire damage.
   Big, fiery blades are also staple armaments of hydra-hunters.
   It freezes those it strikes, dealing additional cold damage.
   It can also slow down cold-blooded creatures.
   It becomes more effective when it hits something.
   This effect fades over time.
 e - a +2 dagger of venom
 s - the +3 falchion of Winter {venom, rCorr}
   (You bought it in a shop on level 3 of the Dungeon)

   It poisons the flesh of those it strikes.
   rCorr:     It protects you from acid and corrosion.
 H - a +1 long sword of protection
Missiles
 h - 26 boomerangs
 j - 20 stones (quivered)
 k - a throwing net
 v - 6 curare-tipped darts
 x - 42 poisoned darts
Armour
 c - a +0 buckler (worn)
 f - a +0 helmet (worn)
 g - a +2 pair of boots (worn)
 C - the +1 crystal plate armour "Mitimywn" {Will++}
   (You acquired it on level 1 of the Dungeon)

   Will:      It greatly increases your willpower.
 D - a +0 troll leather armour (worn)
 G - a scarf of resistance (worn)
Jewellery
 b - a ring of ice
 d - a +6 ring of dexterity (right hand)
 u - a ring of protection from cold (left hand)
 B - a ring of protection from cold
 K - the amulet "Odemouw" (around neck) {Contam rPois rF+++ Regen+ Stlth+}
   (You bought it in a shop on level 8 of the Dungeon)

   [amulet of regeneration]

   rF:        It renders you almost immune to fire.
   rPois:     It protects you from poison.
   Contam:    It causes magical contamination when unequipped.
   Regen:     It increases your rate of health regeneration.
   Stlth:     It makes you more stealthy.
Wands
 o - a wand of paralysis (26)
 q - a wand of mindburst (27)
 t - a wand of flame (39)
 y - a wand of roots (11)
 E - a wand of polymorph (11)
Scrolls
 i - 4 scrolls of identify
 l - 4 scrolls of fog
 m - 2 scrolls of immolation
 n - 4 scrolls of teleportation
 p - a scroll of magic mapping
 r - 4 scrolls of enchant weapon
 w - 3 scrolls of fear
 z - a scroll of summoning
 F - 2 scrolls of poison
 J - a scroll of enchant armour
 L - 2 scrolls of brand weapon {unknown}
 N - a scroll of silence {unknown}
Miscellaneous
 A - a condenser vane
 I - a phial of floods
 M - a lightning rod (1/4)
 O - a phantom mirror (inert)


   Skills:
 * Level 11.0 Fighting
 + Level 1.9(7.2) Short Blades
 + Level 11.0(11.1) Long Blades
 + Level 4.0 Throwing
 + Level 6.6 Armour
 + Level 4.2 Dodging
 + Level 3.0 Stealth
 + Level 5.2 Shields
 + Level 0.6 Spellcasting
 + Level 0.6 Necromancy
 + Level 8.0 Invocations
 * Level 8.1 Evocations


You had 12 spell levels left.
You knew the following spells:

 Your Spells              Type           Power      Damage    Failure   Level
a - Necrotise             Necr           8%         1d4       45%         1

Your spell library contained the following spells:

 Spells                   Type           Power      Damage    Failure   Level
 Apportation              Tloc           0%         N/A       54%         1
 Magic Dart               Conj           0%         1d3       54%         1
 Sting                    Tmut/Pois      0%         1d3       54%         1
 Summon Small Mammal      Summ           0%         N/A       54%         1
 Call Imp                 Summ           0%         N/A       69%         2
 Poisonous Vapours        Pois/Air       0%         N/A       69%         2
 Mephitic Cloud           Conj/Pois/Air  0%         N/A       89%         3
 Ozocubu's Armour         Ice            0%         N/A       89%         3
 Animate Armour           Summ/Erth      0%         N/A       100%        4
 Olgreb's Toxic Radiance  Pois           0%         N/A       100%        4
 Fireball                 Conj/Fire      0%         3d3       100%        5
 Iskenderun's Battlesphe  Conj           0%         2d6       100%        5
 Metabolic Englaciation   Hex/Ice        0%         N/A       100%        5
 Conjure Ball Lightning   Conj/Air       0%         3x3d6     100%        6
 Iron Shot                Conj/Erth      0%         9d1       100%        6
 Simulacrum               Ice/Necr       0%         N/A       100%        6
 Orb of Destruction       Conj           0%         9d5       100%        7
 Ozocubu's Refrigeration  Ice            0%         4d7       100%        7
 Blade Hands              Tmut           Unusable   N/A       N/A         5

Dungeon Overview and Level Annotations

Branches:
Dungeon (11/15)            Temple (1/1) D:7            Lair (5/5) D:10
 Shoals (0/4) Lair:3       Spider (0/4) Lair:3        Slime (0/5) Lair:4
    Orc: D:9-12

Altars:
Ashenzari
Gozag
Hepliaklqana
Kikubaaqudgha
Makhleb
Okawaru
Uskayaw
Jiyva

Shops:
D:3 (   D:8 ?(==   D:10 :


Innate Abilities, Weirdness & Mutations

You are immune to poison.
Your flesh is cold resistant. (rC+)
You are immune to negative energy. (rN+++)
You are immune to unholy pain and torment.
You are vulnerable to heat. (rF-)
You are strongly in touch with the powers of death.
You do not drink.


Message History

You slice the yak!! You burn the yak.
You kill the yak!
Makhleb accepts your kill.
You feel better.
Your hellwing closely misses the yak.
Your hellwing hits the yak. The death yak gores you.
The yak snorts and paws the ground.
The death yak gores you.
The yak gores your hellwing but does no damage.
You hit the death yak. You burn the death yak. You freeze the death yak.
The death yak is severely wounded.
Your hellwing barely misses the yak.
Your hellwing hits the yak.
The death yak gores you!! x2; The yak gores your hellwing!
Unknown command.
Your hellwing hits the yak! Your hellwing hits the yak.
The yak dies!
Makhleb accepts your kill.
You see here a yak corpse.
Aiming: Phantom Mirror
Press: ? - help, Dir - move target, f - death yak
Aim: a death yak You reflect the death yak with the mirror!
The mirror clouds!
The yak gores your death yak!
The death yak gores you but does no damage.
The death yak gores your hellwing.
Your death yak gores the death yak!
The death yak attacks as you move away!
The death yak gores you but does no damage.
Your hellwing hits the death yak!
Your hellwing hits the death yak but does no damage.
The yak gores your death yak but does no damage.
Your death yak barely misses the yak.
Your hellwing hits the death yak! Your hellwing hits the death yak.
Something gores your death yak!
Your death yak gores the yak.
The death yak attacks as you move away! The death yak gores you!!
* * * LOW HITPOINT WARNING * * *
The death yak attacks as you move away! The death yak gores you!
* * * LOW HITPOINT WARNING * * *
Something gores your death yak but does no damage.
The death yak attacks as you move away! The death yak misses you.
The death yak attacks as you move away! The death yak gores you!!
You die...

....8......### ###......###
###### . # ##......##
####...P###.. ##...###..#
#....8....... ##...#######
#.Y.48.....# #...###.###
###†8....8..# #..##..†..##
#.YYY.8.8..##
#..†...#..P###
##Y.##†Y...##
......##P....###@Y####....#
#....####........## #..##
##.### ##.###...## .## ###
##..# ##...# .. #######..##
...## ... #P.##...## ##..#
## ##......# ##..
#....##...# ###.
##...####...# ..


You could see 4 death yaks, a yak, a friendly death yak (summoned, drained) and
a friendly hellwing (summoned).

Vanquished Creatures
  Fannar (Lair:2)
  Erolcha (D:10)
  3 catoblepae
  A two-headed ogre (D:9)
  6 death yaks
  An ugly thing (D:11)
  A manticore (Lair:5)
  5 black mambas
  5 elephants (Lair:4)
  10 cane toads
  Maggie (D:6)
  4 rime drakes
  15 komodo dragons
  4 kobold demonologists (D:11)
  2 trolls (D:10)
  Prince Ribbit (D:9)
  A polar bear (Lair:4)
  14 blink frogs
  3 dream sheep (Lair:4)
  A snapping turtle (Lair:3)
  2 shadows
  A vampire (D:10)
  58 yaks
  5 wyverns
  Eustachio (D:5)
  2 steam dragons
  2 basilisks
  Menkaure (D:5)
  Edmund (D:6)
  2 acid dragons
  15 water moccasins
  5 orc warriors
  An ice beast (D:8)
  5 sky beasts
  2 black bears (D:6)
  5 centaurs
  An ogre (D:6)
  A wolf (D:10)
  2 phantoms (D:6)
  3 kobold brigands
  3 necrophages
  6 bullfrogs
  A gnoll sergeant (D:7)
  9 scorpions
  21 wights
  3 killer bees (D:10)
  3 electric eels
  A howler monkey (D:5)
  A jelly (D:6)
  6 hounds
  7 orc priests
  A gnoll bouda (D:7)
  6 iguanas
  4 hell rats (Lair:3)
  4 orc wizards
  Robin (D:3)
  15 gnolls
  13 adders
  3 shadow imps
  2 white imps (D:7)
  An ufetubus (D:5)
  4 worms
  37 orcs
  11 endoplasms
  3 giant cockroaches
  16 goblins
  9 hobgoblins
  A jackal (D:4)
  26 kobolds
  A quokka (D:1)
  5 ball pythons
  4 bats
  3 frilled lizards
  6 rats
432 creatures vanquished.

Vanquished Creatures (collateral kills)
  2 dream sheep (Lair:4)
  A yak (Lair:5)
  A basilisk (Lair:1)
4 creatures vanquished.

Vanquished Creatures (others)
  A quokka (D:7)
  30 fungi
  62 plants
93 creatures vanquished.

Grand Total: 529 creatures vanquished

Notes
Turn   | Place    | Note
-------+----------+-------------------------------------------
     0 | D:1      | Kazon the Mummy Fighter began the quest for the Orb.
     0 | D:1      | Reached XP level 1. HP: 18/18 MP: 1/1
    32 | D:1      | Identified a scroll of acquirement
    32 | D:1      | Acquired the +1 crystal plate armour "Mitimywn" {Will++}
   126 | D:1      | Reached XP level 2. HP: 22/24 MP: 2/2
   814 | D:2      | Gained mutation: You are in touch with the powers of death.
                  | [Mummy growth]
   814 | D:2      | Reached XP level 3. HP: 29/29 MP: 3/3
  1127 | D:2      | Reached XP level 4. HP: 31/35 MP: 4/4
  1290 | D:3      | Found Umat's Antique Weapon Boutique.
  1419 | D:3      | Bought a crude falchion for 184 gold pieces
  1419 | D:3      | Identified the +3 falchion of Winter {venom, rCorr} (You
                  | bought it in a shop on level 3 of the Dungeon)
  1482 | D:3      | You fall into a shaft and drop 1 floor!
  1495 | D:4      | Noticed a scorpion
  1500 | D:4      | Killed a scorpion
  1501 | D:4      | Reached skill level 1 in Throwing
  1501 | D:4      | Reached XP level 5. HP: 41/41 MP: 5/5
  1513 | D:4      | Reached skill level 1 in Short Blades
  1823 | D:3      | Noticed Robin
  1834 | D:3      | Killed Robin
  2077 | D:4      | Reached XP level 6. HP: 43/48 MP: 6/6
  2603 | D:4      | Found a hazy altar of Hepliaklqana.
  2882 | D:5      | Entered Level 5 of the Dungeon
  2935 | D:5      | Noticed Eustachio
  2935 | D:5      | Noticed a sky beast
  2941 | D:5      | Reached XP level 7. HP: 35/54 MP: 7/7
  3074 | D:5      | Reached skill level 1 in Dodging
  3078 | D:5      | Reached skill level 1 in Evocations
  3210 | D:5      | Noticed Menkaure
  3212 | D:5      | Killed Menkaure
  3286 | D:5      | Reached XP level 8. HP: 41/61 MP: 8/8
  3468 | D:5      | Killed Eustachio
  3469 | D:5      | Reached skill level 5 in Fighting
  4201 | D:6      | Noticed Maggie
  4222 | D:6      | Killed Maggie
  4223 | D:6      | Reached skill level 5 in Long Blades
  4746 | D:6      | Reached XP level 9. HP: 69/69 MP: 9/9
  4957 | D:6      | Noticed Edmund
  4973 | D:6      | Killed Edmund
  5033 | D:6      | Reached skill level 5 in Armour
  5410 | D:7      | Found a staircase to the Ecumenical Temple.
  5419 | Temple   | Entered the Ecumenical Temple
  5424 | Temple   | Became a worshipper of Makhleb the Destroyer
  5487 | D:7      | Found a hide-covered altar of Uskayaw.
  5531 | D:7      | Reached skill level 1 in Invocations
  5692 | D:7      | Reached XP level 10. HP: 58/79 MP: 10/10
  5932 | D:7      | Reached * piety under Makhleb
  6146 | D:8      | Found Quzidd's Magic Scroll Emporium.
  6436 | D:8      | Found Esumer's Weapon Shop.
  6791 | D:8      | Found Heidghoki's Jewellery Shop.
  7003 | D:8      | Found Zoxtaeshakh's Jewellery Boutique.
  7090 | D:9      | Noticed Prince Ribbit
  7119 | D:9      | Killed Prince Ribbit
  7776 | D:9      | Reached ** piety under Makhleb
  7999 | D:9      | Noticed a two-headed ogre
  8009 | D:9      | Killed a two-headed ogre
  8084 | D:10     | Entered Level 10 of the Dungeon
  8639 | D:10     | HP: 2/80 [something (4)]
  9021 | D:10     | Found a staircase to the Lair.
  9361 | D:9      | Reached XP level 11. HP: 83/86 MP: 13/13
  9395 | D:10     | Noticed Erolcha
  9413 | D:10     | Killed Erolcha
  9414 | D:10     | Reached skill level 5 in Evocations
  9425 | D:10     | Identified the +5 long sword of the Land of Plenty {drain,
                  | Dex+3}
  9440 | D:10     | Found Juagoaq's Book Shoppe.
  9641 | D:10     | Reached *** piety under Makhleb
 10393 | D:11     | Noticed a green ugly thing
 10399 | D:11     | Killed a green ugly thing
 11117 | D:11     | Noticed a soul eater
 11244 | Lair:1   | Entered Level 1 of the Lair of Beasts
 11385 | Lair:1   | Found the +2 Maxwell's thermic engine {flame, freeze}
 11400 | Lair:1   | Reached XP level 12. HP: 55/95 MP: 15/15
 11476 | Lair:1   | Reached skill level 5 in Invocations
 11889 | Lair:2   | Reached **** piety under Makhleb
 12254 | D:8      | Bought the amulet "Odemouw" {Contam rPois rF+++ Regen+
                  | Stlth+} for 734 gold pieces
 12409 | Lair:2   | Reached skill level 1 in Stealth
 12673 | Lair:2   | Noticed Fannar
 12709 | Lair:2   | Killed Fannar
 12710 | Lair:2   | Reached skill level 5 in Shields
 12745 | Lair:2   | Noticed a catoblepas
 12763 | Lair:2   | Killed a catoblepas
 12938 | Lair:2   | Reached skill level 10 in Fighting
 13109 | Lair:3   | Noticed a death yak
 13109 | Lair:3   | Noticed a death yak
 13284 | Lair:3   | Found a staircase to the Shoals.
 13327 | Lair:3   | Noticed a death yak
 13336 | Lair:3   | Killed a death yak
 13360 | Lair:3   | Noticed a death yak
 13373 | Lair:3   | Killed a death yak
 13392 | Lair:3   | Killed a death yak
 13411 | Lair:3   | Killed a death yak
 13412 | Lair:3   | Reached skill level 10 in Long Blades
 13464 | Lair:3   | Found an ancient bone altar of Kikubaaqudgha.
 13629 | Lair:3   | Gained mutation: You are strongly in touch with the powers
                  | of death. [Mummy growth]
 13629 | Lair:3   | Reached XP level 13. HP: 91/104 MP: 18/18
 13644 | Lair:3   | Learned a level 1 spell: Necrotise
 13702 | Lair:3   | Found a hole to the Spider Nest.
 14146 | Lair:4   | Reached ***** piety under Makhleb
 14263 | Lair:4   | Found a viscous altar of Jiyva.
 14263 | Lair:4   | Found a staircase to the Slime Pits.
 14452 | Lair:4   | Identified the +3 battleaxe "Adididghufym" {antimagic, rF+
                  | Will+}
 14719 | Lair:5   | Entered Level 5 of the Lair of Beasts
 15831 | Lair:5   | Mangled by a death yak

Illustrated notes

Levels and vault maps discovered:
D:1:      dpeg_arrival_three_smaller_balls, layout_basic
D:2:      layout_loops_ring
D:3:      layout_basic, serial_shops, nicolae_shop_stone, st_stairs_9,
          minmay_misc_feat_doors, eino_curves_03, uniq_robin
D:4:      minmay_wonky_spiral, layout_basic,
          mainiacjoe_overflow_surrounded_room, minivault_5
D:5:      layout_cave_pods, uniq_menkaure, uniq_eustachio
D:6:      cheibrodos_barr_body, layout_basic, minmay_crystal_room,
          minmay_pentangle, uniq_maggie, uniq_edmund
D:7:      layout_cave_pools, nicolae_uskayaw_murder_on_the_dancefloor,
          elyvilon_altar_4, minmay_temple_entry_purple_smoke
D:8:      layout_basic, serial_shops, shop_statue, kennysheep_little_box, shop,
          nicolae_shop_window_shopping
D:9:      layout_cave_pools, uniq_prince_ribbit1
D:10:     layout_stronghold, erik_lair_island, serial_shops,
          nicolae_shop_statue_plus, uniq_erolcha
D:11:     layout_roguey
Temple:   nicolae_temple_bog_church
Lair:1:   layout_long_grid, fungi_pond_lemuel, cheibrodos_lair_reptile_den
Lair:2:   layout_gridlike, uniq_fannar
Lair:3:   layout_roguey, minmay_shoals_entry_hut,
          nicolae_spider_entry_non_spiders, basic_altar, serial_bayou_crossing
Lair:4:   layout_gridlike, slime_entry_1, serial_rivers,
          chequers_serial_rivers_room_a, chequers_serial_rivers_micro_c,
          chequers_serial_rivers_room_a, chequers_serial_rivers_micro_e,
          minivault_27, grunt_megastairs_3, infiniplex_staircase_pool_2
Lair:5:   evilmike_catoblepas_cave, layout_long_grid

Skill      XL: |  1  2  3  4  5  6  7  8  9 10 11 12 13 |
---------------+----------------------------------------+-----
Armour         | 3 4 5 6 |  6.6
Long Blades    | 2 3 4 5 6 8 9 10 11 | 11.0
Throwing       | 1 2 3 4 |  4.0
Short Blades   | 1 |  1.9
Fighting       | 4 5 7 8 9 10 11 | 11.0
Shields        | 3 4 5 |  5.2
Dodging        | 1 2 3 4 |  4.2
Evocations     | 1 2 4 6 7 8 |  8.1
Invocations    | 1 3 4 6 8 |  8.0
Stealth        | 1 3 |  3.0
Spellcasting   | |  0.6
Necromancy     | |  0.6

Action                   |  1- 3 |  4- 6 |  7- 9 | 10-12 | 13-15 || total
-------------------------+-------+-------+-------+-------+-------++-------
Melee: Long sword        |    83 |       |       |   189 |       ||   272
       Dagger            |    23 |    60 |       |    42 |    10 ||   135
       Falchion          |       |    84 |   361 |   643 |    38 ||  1126
       Double sword      |       |       |       |   129 |   191 ||   320
Throw: Stone             |     5 |    19 |    34 |    68 |     4 ||   130
       Boomerang         |       |       |     2 |    31 |     3 ||    36
       Dart              |       |       |       |    34 |    11 ||    45
 Cast: Necrotise         |       |       |       |       |     2 ||     2
Invok: Lesser Servant of |       |       |       |     4 |     4 ||     8
       Minor Destruction |       |       |       |    47 |    75 ||   122
Evoke: Wand              |       |       |     2 |       |       ||     2
       Lightning rod     |       |       |       |       |     3 ||     3
       Phantom mirror    |       |       |       |       |     1 ||     1
  Use: Scroll            |     1 |     6 |     3 |     4 |       ||    14
 Stab: Sleeping          |       |       |       |     4 |     5 ||     9
       Distracted        |       |       |       |       |     1 ||     1
Armor: Scale mail        |    14 |       |       |       |       ||    14
       Crystal plate arm |    63 |   104 |   348 |   451 |       ||   966
       Troll leather arm |       |       |       |    44 |    53 ||    97
Dodge: Dodged            |    22 |    33 |    67 |   224 |    89 ||   435
Block: Buckler           |    20 |    31 |    92 |   174 |    43 ||   360
